Unix NetHack Version 5.0.0-0 post-release - last build May 31 2026 23:59:36 (970b52f25bf058293b47ddfd14a1e40e571c508c,branch:main).

Game began 2026-06-08 20:01:57, ended 2026-06-09 03:03:18.

Atrocia, neutral male gnomish Wizard

                                               ------                   ----
                          ----                 |(((.|-----     #   ---  |...|
                     --...|..-     ---...-     |(((.-.|...  -..-.....-- |...|
                     |....|...|-----......     |(.(.|.|...  |.........-----.|
               ------|........|..--.......  ---------.--.-- --..............|
               |(.(.|-...|...-|.......G...  -.............----....{.....-----
               |.(!.-...-|....--.......@@.--..-----.---.-...............-..|
     ----      |(.(.|-...---........|....-|.....- |..|..|--..|.........-|..|
    --...      ------|....|...|..--.|...---..|...-|..|..|-... -...-.-.- ----
    |...-----------  |--....------   -......---...-------....---   --|---
    |...|[)?[([?*=|  |.......--      ---...........|...|........|  |....|
    --..|.........|--|....{...|        -----.......|...---......-- |%.%%|
    --..--|--------..|-.......|            --.---..|..).......|..| ------
    |................--......--             |.| ---|.....|....|..-----
    ||--........--.-.....-|--               |.|    --...----..|....|.-
    |..|--..-.---..----..|..              ---|---   -----  ---|........ ---
    |..-.|.-|...|..    ---                |.....|             ----.....-|.--
    ||----.--.---|-                       |.._..|                -.|....|..--
    |.............|                       |.....|                  ----.....|
    ---------------                       -------                     ---..<|
                                                                        -----
Atrocia the Thaumaturge   St:12 Dx:15 Co:11 In:19 Wi:15 Ch:11  Neutral
Dlvl:7  $:658 HP:0(44) Pw:41(41) AC:-1 Xp:6 T:3117  Burdened

Latest messages:
 The large cat bites the gold golem.
 The gold golem misses the large cat.
 The gold golem misses the large cat.
 The gold golem misses!
 The gold golem hits!
 The large cat bites the gold golem.
 You hit the gold golem.
 The gold golem misses!
 The gold golem hits!
 The large cat bites the gold golem.
 The gold golem hits the large cat.
 The gold golem misses the large cat.
 You miss the gold golem.
 The large cat misses the gold golem.
 You hit the gold golem.
 The gold golem just misses!
 The gold golem misses!
 The large cat misses the gold golem.
 The gold golem misses!
 The gold golem hits!
 The large cat bites the gold golem.
 The gold golem hits the large cat.
 You have a sad feeling for a moment, then it passes.
 You destroy the gold golem!
 You hear someone praising Anhur.
 You see here 154 gold pieces.
 You have a little trouble lifting $ - 154 gold pieces (658 in total).
 The Woodland-elf throws a runed dagger!
 A runed dagger misses you.
 You learn more about your items by comparing them.
 You have a little trouble lifting X - an uncursed runed dagger (2 in total).
 In what direction? 4
 The dagger hits the Woodland-elf.
 The Woodland-elf wields a runed broadsword!
 In what direction? 4
 The dagger hits the Woodland-elf.
 The Woodland-elf swings his runed broadsword.
 The Woodland-elf misses!
 You miss the Woodland-elf.
 The Woodland-elf swings his runed broadsword.
 The Woodland-elf hits!
 You hit the Woodland-elf!
 The Woodland-elf swings his runed broadsword.
 The Woodland-elf hits!
 The Woodland-elf swings his runed broadsword.
 The Woodland-elf misses!
 The Woodland-elf swings his runed broadsword.
 The Woodland-elf hits!
 You die...
 Do you want your possessions identified? [ynq] (y) q

Inventory:
 Coins    ('$')
  $ - 658 gold pieces
 Weapons  (')')
  l - a +0 crossbow
  N - a +1 dagger
  t - 5 +0 daggers (at the ready)
  X - 2 +0 elven daggers (wielded)
  a - a blessed +1 quarterstaff
 Armor    ('[')
  A - a blessed +2 helm of brilliance (being worn)
  I - an uncursed +0 pair of iron shoes (being worn)
  b - an uncursed +0 cloak of magic resistance (being worn)
  o - an uncursed +0 elven mithril-coat (being worn)
 Comestibles  ('%')
  u - 2 uncursed slime molds
  M - an uncursed candy bar labeled "Crispy Yum Yum"
  C - an uncursed cram ration
  y - 3 uncursed food rations
  L - an uncursed lichen corpse
 Scrolls  ('?')
  i - a blessed scroll of destroy armor
  H - an uncursed scroll of enchant armor
  B - a cursed scroll of fire
  z - an uncursed scroll of gold detection
  j - an uncursed scroll of light
  k - an uncursed scroll of magic mapping
  p - an uncursed scroll of remove curse
  E - an uncursed scroll of teleportation
 Potions  ('!')
  x - an uncursed potion of booze
  h - an uncursed potion of confusion
  D - a cursed potion of extra healing
  f - an uncursed potion of object detection
  g - an uncursed potion of oil
  q - an uncursed potion of paralysis
  v - an uncursed potion of see invisible
 Rings    ('=')
  e - an uncursed ring of slow digestion (on right hand)
  d - an uncursed ring of warning (on left hand)
 Wands    ('/')
  c - a wand of slow monster (0:8)
  r - a wand of stasis (0:3)
 Tools    ('(')
  m - an empty uncursed sack
  F - an uncursed wooden flute
  Q - an uncursed lock pick
  Y - an uncursed lock pick
  n - a magic marker (0:19)
  w - an uncursed tallow candle
  O - an uncursed wax candle
 Gems/Stones  ('*')
  P - an uncursed chrysoberyl stone
  R - 2 uncursed worthless pieces of blue glass
  J - an uncursed worthless piece of orange glass
  G - 2 uncursed worthless pieces of red glass
  K - an uncursed worthless piece of violet glass
  T - an uncursed worthless piece of white glass
  s - an uncursed flint stone

Atrocia the Wizard's attributes:

Background:
 You were a Thaumaturge, a level 6 male gnomish Wizard.
 You were neutral, on a mission for Thoth
 who was opposed by Ptah (lawful) and Anhur (chaotic).
 You were left-handed.
 You were in the Gnomish Mines, on level 7.
 You entered the dungeon 3117 turns ago.
 It was nighttime.
 You had 469 experience points, 171 more were needed to attain level 7.

Basics:
 You had 0 out of 44 hit points.
 You had all 41 energy points (spell power).
 Your armor class was -1.
 Your wallet contained 658 zorkmids.
 Autopickup was off.

Final Characteristics:
 Your strength was 12 (limit:18/50).
 Your dexterity was 15 (limit:18).
 Your constitution was 11 (limit:18).
 Your intelligence was 19 (base:17, limit:19).
 Your wisdom was 15 (base:13, limit:18).
 Your charisma was 11 (limit:18).

Final Status:
 You weren't hungry.
 You were burdened; movement was slightly slowed.
 You were wielding daggers.
 You had basic skill with dagger.

Final Attributes:
 You were piously aligned.
 You were magic-protected.
 You were poison resistant.
 You were telepathic.
 You were warned.
 You had infravision.
 You had slower digestion.
 You were guarded.
 Your spell casting was impaired by metallic armor.
 You are dead.

Miscellaneous:
 You didn't encounter any bones levels.
 Total elapsed playing time was 46 minutes and 53 seconds.

Major events:
 Turn
    1: Atrocia the neutral male gnomish Wizard entered the dungeon
  841: entered the Gnomish Mines
  860: attained the rank of Conjurer (level 3)
 1565: reached Mine Town
 2423: attained the rank of Thaumaturge (level 6)
 3117: killed by a Woodland-elf

Spells:
 Name                 Level Category     Fail Retention
 force bolt             1   attack        57%   81%-90%
 remove curse           3   clerical     100%  76%-100%
 knock                  1   matter        57%  76%-100%

Skills:
 Fighting Skills
   bare handed combat [Unskilled]
   riding             [Unskilled]
 Weapon Skills
   dagger             [Basic]
   knife              [Unskilled]
   axe                [Unskilled]
   short sword        [Unskilled]
   club               [Unskilled]
   mace               [Unskilled]
   quarterstaff       [Basic]
   polearms           [Unskilled]
   spear              [Unskilled]
   trident            [Unskilled]
   sling              [Unskilled]
   dart               [Unskilled]
   shuriken           [Unskilled]
 Spellcasting Skills
   attack spells      [Basic]
   healing spells     [Unskilled]
   divination spells  [Unskilled]
   enchantment spells [Basic]
   clerical spells    [Unskilled]
   escape spells      [Unskilled]
   matter spells      [Unskilled]

Voluntary challenges:
 Character rerolling was not enabled.
 You never genocided any monsters.
 You never polymorphed an object.
 You never changed form.
 You used no wishes.
Achievements:
 You entered the Gnomish Mines.
 You attained the rank of Conjurer.
 You entered Minetown.
 You entered a shop.
 You entered a temple.
 You attained the rank of Thaumaturge.

 The Dungeons of Doom: levels 1 to 4
    Level 1:
    Level 2:
       Some fountains.
    Level 3:
       A sink.
       Stairs down to The Gnomish Mines.
    Level 4:
 The Gnomish Mines: levels 4 to 7
    Level 4:
    Level 5:
    Level 6:
    Level 7: <- You were here.
       Many shops, a temple and an altar, some fountains.
       Final resting place for
          you, killed by a Woodland-elf.
 The Tutorial:
    Level 1:
       A tree.


Vanquished creatures:
  3 small mimics
  a large cat
  a quivering blob
  3 wolves
  a gold golem
  a lizard
  a black unicorn
  a raven
  2 Woodland-elves
  a rock piercer
  a yellow light
  a violet fungus
  a gnome leader
 an elf zombie
  3 floating eyes
  2 dwarves
  a kobold leader
  a kobold shaman
  3 rothes
  2 orc zombies
  a dwarf zombie
  5 iguanas
  a gas spore
  a hobbit
  2 large kobolds
  2 giant rats
  3 cave spiders
  a brown mold
  8 gnomes
  a gecko
 14 jackals
  a fox
  2 kobolds
  3 goblins
  5 grid bugs
  3 bats
  3 lichens
  2 kobold zombies
  7 newts
96 creatures vanquished.

No species were genocided or became extinct.

Game over:
                       ----------
                      /          \
                     /    REST    \
                    /      IN      \
                   /     PEACE      \
                  /                  \
                  |     Atrocia      |
                  |      658 Au      |
                  |   killed by a    |
                  |   Woodland-elf   |
                  |                  |
                  |                  |
                  |       2026       |
                 *|     *  *  *      | *
        _________)/\\_//(\/(/\)/\//\/|_)_______

Goodbye Atrocia the Wizard...

You died in The Gnomish Mines on dungeon level 7 with 2769 points,
and 658 pieces of gold, after 3117 moves.
You were level 6 with a maximum of 44 hit points when you died.

